 Dungeon Crawl Stone Soup version bcrawl-1.31.4 (webtiles) character file.

Game seed: 4280119945405352811

317750 Morbidden the Cleaver (level 9, 0/56 HPs)
             Began as a Skeleton Archaeologist on June 17, 2021.
             Was an Initiate of Vehumet.
             Slain by a killer bee (2 damage)
             ... on level 7 of the Dungeon.
             The game lasted 00:09:59 (6775 turns).

Morbidden the Cleaver (Skeleton Archaeologist)      Turns: 6775, Time: 00:09:59

Health: 0/56       AC: 11    Str: 18    XL:     9   Next: 96%
Magic:  0/19       EV: 12    Int: 16    God:    Vehumet [......]
Gold:   516        SH:  0    Dex:  7    Spells: 21/21 levels left

rFire    + . .     SeeInvis .   a - +1 broad axe (elec)
rCold    + . .     Gourm    .   (no shield)
rNeg     + + +     Faith    .   w - +0 ring mail
rPois    ∞         Spirit   +   s - +2 hat
rElec    .         Reflect  .   v - scarf {repulsion}
rCorr    .         Harm     .   q - +0 pair of gloves
MR       +....                  e - +1 pair of boots
Stlth    ++++......             d - amulet of the acrobat
HPRegen  0.18/turn              o - ring of stealth
MPRegen  0.16/turn              t - ring of protection from fire

@: repel missiles
A: no food or potions, cold resistance 1, deterioration 1, negative energy
resistance 3, powered by death 1, torment resistance, unbreathing, magic shield,
sturdy frame 1, spell healing
a: Renounce Religion


You were on level 7 of the Dungeon.
You worshipped Vehumet.
Vehumet was noncommittal.
You were not hungry.

You visited 2 branches of the dungeon, and saw 8 of its levels.

You collected 516 gold pieces.

Inventory:

Hand Weapons
 a - a +1 broad axe of electrocution (weapon)
 z - a +0 blowgun
Missiles
 c - 51 poisoned needles
 f - 6 curare-tipped needles
 h - 41 needles of confusion
 l - 144 poisoned tomahawks (quivered)
 B - 2 throwing nets {=f}
Armour
 e - a +1 pair of boots (worn)
 q - a +0 pair of gloves (worn)
 r - a +0 helmet
 s - a +2 hat (worn)
 u - a +0 cloak
 v - a scarf of repulsion (worn)
 w - a +0 ring mail (worn)
 y - the +2 robe "Qekk" {rF- rN+++ Str+2 Stlth-, unknown}
   (You found it on level 5 of the Dungeon)

   It affects your strength (+2).
   It makes you vulnerable to fire.
   It renders you almost immune to negative energy.
   It makes you less stealthy.
Jewellery
 d - an amulet of the acrobat (around neck)
 o - a ring of stealth (left hand)
 p - an uncursed ring of positive energy {unknown}
 t - a ring of protection from fire (right hand)
Wands
 A - a wand of disintegration (2)
Scrolls
 g - 3 scrolls of magic mapping
 i - 5 scrolls of identify
 j - a scroll of enchant armour
 k - 3 scrolls of remove curse
 m - 6 scrolls of teleportation
 n - 3 scrolls of fear
 x - a scroll of amnesia


   Skills:
 * Level 6.7 Fighting
   Level 1.3 Short Blades
 * Level 10.0 Axes
   Level 1.2(6.4) Maces & Flails
 + Level 1.3 Throwing
 + Level 3.6 Armour
 * Level 5.8 Dodging
 + Level 6.0 Stealth
 * Level 6.8 Spellcasting


You had 21 spell levels left.
You didn't know any spells.
Your spell library was empty.

Dungeon Overview and Level Annotations

Branches:
Dungeon (7/12)             Temple (1/1) D:6            Lair (0/6) D:7

Altars:
Ashenzari
Cheibriados
Dithmenos
Elyvilon
Fedhas
Gozag
Hepliaklqana
Kikubaaqudgha
Lugonu
Makhleb
Nemelex Xobeh
Okawaru
Qazlal
Ru
Sif Muna
Trog
Uskayaw
Vehumet
Wu Jian
Xom
Yredelemnul
Zin
The Shining One


Innate Abilities, Weirdness & Mutations

You do not eat or drink.
You are immune to poison.
Your flesh is cold resistant. (rC+)
Your body sometimes deteriorates upon taking damage.
You are immune to negative energy. (rN+++)
You regenerate a little health from kills.
You are immune to unholy pain and torment.
You can survive without breathing.
When hurt, damage is shared between your health and your magic reserves.
Your movements are slightly less encumbered by armour. (ER -2)
Casting spells heals you.


Message History

The killer bee stings you!
* * * LOW HITPOINT WARNING * * *
You barely miss the killer bee. The killer bee misses you.
The killer bee stings you but does no damage.
You closely miss the killer bee.
The killer bee stings you but does no damage.
The killer bee barely misses you. The killer bee stings you.
* * * LOW HITPOINT WARNING * * *
You miss the killer bee. The killer bee misses you. The killer bee stings you.
* * * LOW HITPOINT WARNING * * *
You barely miss the killer bee.
The killer bee stings you but does no damage.
The killer bee misses you.
You closely miss the killer bee.
The killer bee stings you but does no damage.
The killer bee closely misses you.
You barely miss the killer bee.
The killer bee stings you but does no damage. x2
You miss the killer bee. The killer bee stings you.
You die...

#......... #..#.
#.......## #..#.
#........# +..##
#'# #..##
#.##..#.# #..
#h##..#.# #..
#y##..#.# #..
#y##..#.# #..
#@##..#.# #..
#.##..#.# #..
#.##..#.# #..
#.....#†########..
#####.#...........
#............#
##############


You could see a black bear and 2 killer bees.

Vanquished Creatures
  Grinder (D:6)
  A hippogriff (D:7)
  6 yaks (D:7)
  Eustachio (D:6)
  A hungry ghost (D:4)
  2 crocodiles (D:7)
  4 sky beasts
  3 ogres
  2 centaurs
  2 bullfrogs
  Blork the orc (D:6)
  A water moccasin skeleton (D:6)
  2 killer bees (D:7)
  4 wights (D:6)
  A crimson imp (D:6)
  5 hounds
  A centaur zombie (D:6)
  6 orc priests
  An orc wizard (D:4)
  An iguana (D:7)
  6 worker ants
  Terence (D:3)
  2 howler monkey zombies (D:5)
  6 adders
  An adder zombie (D:5)
  2 adder skeletons
  3 worms (D:2)
  4 dart slugs
  3 leopard geckos
  18 orcs
  3 bats
  4 giant cockroaches
  4 goblins
  11 hobgoblins
  5 jackals
  A ball python (D:2)
  5 frilled lizards
  5 kobolds
  7 rats
137 creatures vanquished.

Notes
Turn   | Place    | Note
-------+----------+-------------------------------------------
     0 | D:1      | Morbidden the Skeleton Archaeologist began the quest for
                  | the Orb.
     0 | D:1      | Reached XP level 1. HP: 12/12 MP: 1/1
   177 | D:1      | Reached XP level 2. HP: 4/16 MP: 0/2
  1017 | D:2      | Reached XP level 3. HP: 17/20 MP: 2/4
  1017 | D:2      | Found a blossoming altar of Fedhas.
  1020 | D:2      | Found a hide-covered altar of Uskayaw.
  1466 | D:2      | Reached skill level 1 in Spellcasting
  1722 | D:3      | Reached XP level 4. HP: 13/26 MP: 1/5
  1899 | D:3      | Reached skill level 1 in Short Blades
  1909 | D:3      | Noticed an ogre
  2202 | D:3      | Noticed Terence
  2240 | D:3      | Killed Terence
  2328 | D:3      | Killed an ogre
  2329 | D:3      | Reached XP level 5. HP: 33/33 MP: 7/7
  2329 | D:3      | Identified a scroll of acquirement
  2333 | D:3      | Identified the amulet "Powides" {RegenMP rF+ rC++ Str-4
                  | Int+4} (You acquired it on level 3 of the Dungeon)
  2721 | D:4      | Noticed a hungry ghost
  2748 | D:4      | Reached skill level 1 in Axes
  2748 | D:4      | Gained mutation: You regenerate a little health from kills.
                  | [Skeleton growth]
  2748 | D:4      | Reached XP level 6. HP: 21/39 MP: 3/9
  2829 | D:4      | Reached skill level 2 in Axes
  2867 | D:4      | Killed a hungry ghost
  2868 | D:4      | Reached skill level 1 in Armour
  2947 | D:4      | Reached XP level 7. HP: 44/44 MP: 10/10
  3073 | D:4      | Reached skill level 3 in Axes
  3840 | D:5      | Entered Level 5 of the Dungeon
  3896 | D:4      | Reached skill level 5 in Fighting
  4400 | D:5      | Reached skill level 4 in Axes
  4521 | D:5      | Got a shimmering robe
  4875 | D:6      | Reached skill level 5 in Stealth
  4970 | D:6      | Noticed Blork the orc
  4981 | D:6      | Killed Blork the orc
  4982 | D:6      | Reached skill level 5 in Axes
  4982 | D:6      | Reached XP level 8. HP: 49/49 MP: 12/14
  5309 | D:6      | Noticed Grinder
  5319 | D:6      | Killed Grinder
  5320 | D:6      | Reached skill level 6 in Axes
  5477 | D:6      | Reached skill level 5 in Dodging
  5627 | D:6      | Reached skill level 1 in Throwing
  5627 | D:6      | Reached skill level 5 in Spellcasting
  5707 | D:6      | Reached skill level 7 in Axes
  5849 | D:6      | Reached XP level 9. HP: 25/55 MP: 6/16
  5986 | D:6      | Noticed Eustachio
  6041 | D:6      | Killed Eustachio
  6172 | D:6      | Found a staircase to the Ecumenical Temple.
  6179 | Temple   | Entered the Ecumenical Temple
  6343 | Temple   | Became a worshipper of Vehumet
  6404 | D:7      | Found a staircase to the Lair.
  6567 | D:7      | Reached skill level 8 in Axes
  6576 | D:7      | Reached skill level 9 in Axes
  6766 | D:7      | Reached skill level 10 in Axes
  6771 | D:7      | HP: 1/56 [killer bee (4)]
  6775 | D:7      | Slain by a killer bee

Skill      XL: |  1  2  3  4  5  6  7  8  9 |
---------------+----------------------------+-----
Stealth        | 4 5 6 |  6.0
Spellcasting   | 1 2 4 5 6 |  6.8
Fighting       | 2 3 4 5 6 |  6.7
Short Blades   | 1 |  1.3
Axes           | 1 2 5 7 10 | 10.0
Armour         | 1 2 3 |  3.6
Dodging        | 4 5 |  5.8
Throwing       | 1 |  1.3
Maces & Flails | |  1.2

Action                   |  1- 3 |  4- 6 |  7- 9 || total
-------------------------+-------+-------+-------++-------
Melee: Short sword       |   162 |    41 |       ||   203
       Whip              |     9 |       |       ||     9
       Broad axe         |       |    75 |   337 ||   412
 Fire: Blowgun           |    35 |    42 |       ||    77
Throw: Tomahawk          |     2 |       |    14 ||    16
  Use: Scroll            |     1 |     7 |     7 ||    15
 Stab: Sleeping          |     8 |     3 |    20 ||    31
Armor: Robe              |    55 |    18 |       ||    73
       Ring mail         |       |    40 |   169 ||   209
Dodge: Dodged            |   127 |   109 |   265 ||   501
       Deflected         |       |       |     1 ||     1
